Map: Shrines of Lizul

Players

LKsoze

  • Race: Zerg Zerg
  • Spawn Location: 6:00

zarmanpg

  • Race: Zerg Zerg
  • League: Master
  • Spawn Location: 9:00

PureLegacy - Winner!

  • Race: Terran Terran
  • Spawn Location: 3:00

Longer - Winner!

  • Race: Zerg Zerg
  • Spawn Location: 12:00

VOD

Have the link to the VOD?

Description

Time

  • Played on: Dec. 1, 2018, 6:47 p.m.
  • Length: 13:51
Show
View Real Time Build Order
Export as new Build Order

LKsoze Zerg 

Build Orders: Pool First 

Get SALT Encoding   

  12  0:03  Drone  
  13  0:18  Extractor  
  12  0:26  Spawning Pool  
  11  0:29  Drone  
  11  0:34  Drone  
  13  0:39  Drone  
  14  0:49  Overlord  
  14  1:13  Zergling x6  
  17  1:19  Metabolic Boost  
  17  1:25  Zergling x2  
  18  1:31  Queen  
  20  1:46  Zergling x4  
  21  2:03  Zergling x2  
  21  2:06  Spine Crawler  
  21  2:09  Zergling x2  
  21  2:11  Queen  
  21  2:13  Extractor  
  20  2:36  Zergling x2  
  21  2:55  Overlord  
  21  2:56  Overlord  
  21  3:02  Zergling x2  
  21  3:03  Zergling x4  
  20  3:28  Zergling x6  
  20  3:29  Zergling x4  
  20  3:33  Hatchery  
  25  3:56  Hatchery  
  23  4:13  Zergling x6  
  23  4:14  Zergling x4  
  28  4:22  Zergling x2  
  29  4:34  Zergling x2  
  29  4:53  Drone x4  
  33  5:03  Drone  
  33  5:07  Drone  
  34  5:16  Drone x4  
  34  5:19  Extractor  
  36  5:29  Hatchery  
  36  5:35  Zergling x6  
  34  5:44  Drone  
  34  5:45  Drone x4  
  34  5:47  Drone  
  40  5:57  Zergling x2  
  40  5:58  Zergling x4  
  40  6:04  Zergling x2  
  44  6:14  Lair  
  44  6:18  Roach Warren  
  40  6:35  Zergling x6  
  40  6:36  Zergling x6  
  40  6:38  Overlord  
  35  7:14  Roach x2  
  35  7:15  Roach x5  
  46  7:16  Roach x2  
  46  7:19  Glial Reconstitution  
  45  7:27  Roach x2  
  49  7:43  Roach x2  
  47  8:01  Roach  
  48  8:08  Queen  
  48  8:35  Drone x3  
  41  8:54  Burrow  
  39  9:00  Extractor  
  39  9:01  Extractor  
  35  9:05  Drone  
  35  9:06  Drone x4, Extractor  
  35  9:08  Drone  
  35  9:09  Drone x2  
  42  9:14  Drone  
  42  9:15  Hatchery  
  36  9:25  Drone x2  
  36  9:36  Extractor  
  36  9:37  Drone  
  36  9:39  Overlord x2  
  36  9:40  Overlord x2  
  36  9:59  Roach  
  44  10:00  Roach x3  
  44  10:01  Roach  
  44  10:02  Roach x2  
  44  10:06  Roach x3  
  56  10:07  Roach  
  58  10:16  Roach x2  
  62  10:27  Roach x2  
  66  10:29  Roach x7  
  66  10:36  Roach x3  
  66  10:37  Roach  
  66  10:38  Overlord  
  66  10:39  Overlord  
  66  10:41  Lair  
  74  10:46  Overlord  
  74  10:56  Queen  
  72  11:20  Roach  
  72  11:21  Roach x10  
  94  11:31  Roach x2  
  94  11:32  Overlord  
  82  12:00  Roach x8  
  98  12:04  Tunneling Claws  
  98  12:08  Overlord  
  80  12:44  Drone  
  80  12:45  Drone x16  
  97  13:02  Evolution Chamber  
  97  13:04  Hydralisk Den, Roach x2  
  97  13:05  Evolution Chamber  
  86  13:19  Roach  
  80  13:20  Roach x5  
  80  13:26  Roach x2  
Show
View Real Time Build Order
Export as new Build Order

zarmanpg Zerg 

Build Orders: Pool First, Muta Ling Bane 

Get SALT Encoding   

  12  0:00  Drone  
  13  0:08  Drone  
  14  0:26  Spawning Pool  
  13  0:30  Drone  
  14  0:36  Drone, Extractor  
  14  0:42  Extractor  
  14  0:43  Drone  
  15  0:51  Overlord  
  15  1:13  Zergling x6  
  15  1:14  Queen  
  20  1:25  Zergling x2  
  21  1:35  Zergling x2  
  21  1:36  Metabolic Boost  
  22  1:50  Spine Crawler  
  21  1:55  Spine Crawler  
  21  1:58  Zergling x2  
  21  2:01  Zergling x2  
  21  2:11  Zergling x2  
  20  2:19  Zergling x2  
  19  2:28  Zergling x2  
  20  2:40  Zergling x2  
  20  2:43  Zergling x2  
  22  2:46  Overlord  
  22  3:04  Zergling x2  
  22  3:05  Zergling x4  
  20  3:18  Zergling x2  
  21  3:23  Zergling x2  
  22  3:27  Zergling x4  
  24  3:34  Zergling x2  
  22  3:45  Zergling x2  
  23  3:54  Zergling x6  
  24  4:02  Zergling x2  
  24  4:08  Zergling x2  
  22  4:33  Drone x4  
  26  4:48  Hatchery  
  25  4:55  Drone x4  
  29  5:11  Extractor  
  28  5:16  Zergling x2  
  28  5:17  Zergling x2  
  28  5:21  Overlord  
  30  5:31  Overlord  
  30  5:43  Zergling x4  
  30  5:44  Zergling x2  
  30  5:47  Lair  
  33  5:50  Drone x2  
  33  5:51  Baneling Nest  
  33  5:52  Drone  
  35  6:00  Drone x2  
  35  6:02  Queen  
  37  6:25  Zergling x6  
  35  6:26  Zergling x6  
  34  6:39  Zergling x4  
  36  6:41  Zergling x2  
  36  6:45  Zergling x2  
  38  6:54  Zergling x4  
  39  7:03  Centrifical Hooks  
  39  7:05  Zergling x2  
  33  7:14  Zergling x6  
  33  7:15  Zergling x4  
  35  7:25  Zergling x4  
  37  7:31  Zergling x2  
  37  7:32  Zergling x6  
  39  7:48  Baneling x4  
  39  7:49  Baneling x6  
  39  7:51  Zergling x2  
  38  8:06  Spire  
  37  8:20  Drone x5  
  34  8:40  Drone x2  
  33  8:49  Zergling x8  
  33  8:50  Zergling x2  
  33  8:51  Baneling x2, Zergling x2  
  33  8:52  Zergling x2  
  33  8:55  Zergling x2  
  41  8:58  Zergling x2  
  42  9:13  Baneling x3  
  42  9:14  Baneling  
  42  9:22  Overlord x2  
  42  9:42  Mutalisk x3  
  48  9:46  Mutalisk  
  48  9:47  Drone x2  
  39  10:23  Zergling x4  
  39  10:24  Zergling x6  
  39  10:25  Zergling x4  
  39  10:26  Zergling x2  
  34  10:29  Zergling x8  
  34  10:30  Zergling x2  
  34  10:31  Zergling x2  
  34  10:33  Zergling x4  
  41  10:35  Zergling x2  
  41  10:40  Zergling x2  
  41  10:42  Baneling x2  
  42  10:43  Baneling x5  
  42  10:44  Baneling  
  42  10:52  Mutalisk  
  42  10:56  Drone x2  
  38  11:26  Baneling x5  
  38  11:32  Zergling x2  
  38  11:35  Zergling x2  
  38  11:36  Zergling x4  
  41  11:47  Zergling x8  
  34  11:48  Zergling x2  
  34  11:53  Baneling x2  
  37  12:04  Zergling x4  
  37  12:09  Baneling x3  
  37  12:10  Baneling  
  37  12:12  Baneling x2  
  37  12:13  Baneling x6  
  37  12:14  Baneling  
  37  12:18  Zergling x4  
  37  12:19  Zergling x2  
  37  12:22  Queen  
  41  12:43  Drone  
  41  12:44  Drone x4  
  44  12:52  Drone  
  44  12:56  Drone x2, Evolution Chamber  
  44  12:57  Drone  
  47  12:58  Evolution Chamber  
  46  13:07  Extractor  
  46  13:09  Extractor  
  34  13:14  Zergling x8  
  37  13:20  Zergling x4  
  37  13:21  Zergling x2  
  37  13:22  Zergling x2  
  39  13:32  Zergling x2  
  40  13:34  Baneling x2  
  40  13:37  Baneling  
Show
View Real Time Build Order
Export as new Build Order

PureLegacy Terran - Winner!

Build Orders:  

Get SALT Encoding   

  12  0:06  SCV  
  13  0:18  SCV  
  14  0:22  Supply Depot  
  14  0:30  SCV  
  14  0:34  Refinery  
  15  0:43  SCV  
  15  0:47  Barracks  
  16  0:56  SCV  
  17  1:04  Barracks  
  17  1:17  Barracks  
  17  1:22  SCV  
  18  1:37  Reaper  
  19  1:41  Orbital Command  
  19  1:51  Reaper  
  19  1:52  Refinery  
  20  2:07  Supply Depot  
  20  2:08  Reaper  
  21  2:14  SCV  
  22  2:27  Reaper  
  22  2:31  Reaper  
  23  2:37  SCV  
  23  2:41  Supply Depot  
  24  2:51  Reaper  
  24  2:52  SCV  
  26  3:06  Reaper x2  
  26  3:07  SCV  
  29  3:20  Command Center  
  29  3:23  Reaper  
  30  3:30  Engineering Bay  
  30  3:38  SCV  
  30  3:39  Reaper  
  30  3:40  Reaper  
  33  3:51  Barracks  
  33  3:52  Barracks  
  33  3:55  Reaper  
  31  4:11  Reaper  
  31  4:14  Reaper  
  32  4:19  Terran Infantry Weapons Level 1  
  32  4:20  Supply Depot  
  32  4:22  SCV  
  33  4:28  Reaper  
  31  4:34  SCV, Orbital Command  
  32  4:39  Reaper x2  
  32  4:43  Barracks, Reaper  
  35  4:51  Orbital Command  
  35  4:53  Reaper  
  35  4:57  SCV  
  37  5:03  Reaper  
  38  5:07  Refinery  
  38  5:08  Refinery  
  38  5:09  SCV  
  38  5:11  Reaper  
  40  5:17  Reaper  
  40  5:19  SCV  
  42  5:21  SCV  
  42  5:22  Reaper  
  44  5:34  Reaper  
  43  5:35  SCV  
  43  5:37  SCV  
  43  5:39  Reaper  
  43  5:41  Reaper  
  43  5:42  Supply Depot  
  47  5:46  Reaper  
  47  5:48  SCV  
  47  5:49  SCV  
  50  5:53  Supply Depot  
  50  5:54  Reaper  
  51  6:00  SCV  
  51  6:01  SCV  
  53  6:12  SCV  
  53  6:13  SCV  
  53  6:14  Reaper  
  53  6:17  Reaper  
  53  6:18  Reaper x2  
  58  6:19  Terran Infantry Armor Level 1  
  52  6:33  Reaper x2  
  52  6:35  SCV x2  
  55  6:42  Barracks x2  
  55  6:46  Reaper  
  56  6:49  Reaper  
  56  6:50  Reaper  
  58  6:57  Reaper, SCV x2  
  58  7:05  Reaper  
  59  7:11  Reaper  
  61  7:24  Barracks Tech Lab, Command Center  
  61  7:29  SCV  
  63  7:30  SCV  
  63  7:35  Supply Depot  
  61  7:47  Marine x4  
  61  7:48  Marine x2  
  61  7:49  Marine, Stimpack  
  61  7:50  SCV x2  
  62  7:52  Factory  
  62  8:05  SCV x2  
  62  8:06  Marine x4  
  62  8:07  Marine x3  
  69  8:17  SCV x2  
  70  8:28  Marine x3  
  70  8:31  Marine  
  70  8:32  Marine  
  73  8:41  Marine  
  73  8:42  Marine x2  
  73  8:43  Orbital Command  
  73  8:45  Marine  
  73  8:52  Factory Reactor, Starport  
  73  8:55  Armory, Engineering Bay  
  73  8:57  Supply Depot  
  73  9:00  Marauder  
  73  9:02  Marine, SCV x2  
  77  9:03  Marine x5  
  83  9:11  Orbital Command  
  83  9:16  SCV x2  
  85  9:21  Marauder  
  85  9:23  Marine x3  
  85  9:24  Marine x4  
  88  9:28  SCV x2  
  93  9:40  Supply Depot  
  93  9:41  Supply Depot  
  93  9:43  Medivac x2, Terran Infantry Armor Level 2, Terran Infantry Weapons Level 2  
  93  9:44  Barracks Reactor x2  
  93  9:45  Barracks Reactor x3, Barracks Tech Lab  
  97  9:46  Barracks Tech Lab  
  97  9:48  SCV x3  
  100  9:57  Marauder, Combat Shield  
  102  10:02  Supply Depot  
  102  10:03  Supply Depot  
  102  10:04  Supply Depot  
  102  10:08  Concussive Shells  
  102  10:09  Marauder  
  102  10:10  Marauder  
  106  10:18  Marauder  
  97  10:25  Missile Turret x2  
  97  10:26  Supply Depot  
  82  10:30  Medivac x2, Marine x5  
  82  10:31  Marine x6  
  82  10:32  Marine  
  82  10:34  Missile Turret  
  92  10:48  Marauder  
  92  10:49  Marauder  
  96  10:53  Command Center  
  96  10:55  Marine x2  
  96  10:56  Marine x4  
  102  10:57  Marine  
  102  11:00  Medivac x2, Marine x2, Marauder  
  111  11:08  Marine  
  111  11:09  Marine x2  
  112  11:13  Marine  
  112  11:17  Marine x2  
  112  11:18  Marine  
  109  11:21  Marauder  
  109  11:22  Marine x2  
  110  11:27  Marauder  
  110  11:28  Supply Depot, Marauder  
  110  11:29  Marine  
  110  11:30  Medivac x2, Marine x3  
  122  11:36  Marine x3  
  124  11:43  Marauder  
  114  11:49  Marauder x2  
  114  11:52  Marine  
  114  11:53  Marine  
  114  11:58  Marine x5  
  114  11:59  Marine x3  
  119  12:04  Marauder  
  119  12:06  Barracks  
  119  12:07  Barracks  
  121  12:10  Marine, Marauder  
  121  12:12  SCV x2  
  126  12:18  SCV  
  127  12:23  Marine x4  
  127  12:24  Marine x5  
  127  12:29  Missile Turret  
  136  12:32  Liberator x2  
  129  12:41  Marine x4  
  129  12:42  Marauder  
  127  12:50  Marine x3  
  127  12:51  Marine x4  
  138  12:54  Barracks Tech Lab  
  138  12:55  Barracks Tech Lab  
  140  12:59  Marauder  
  140  13:02  Marine x3, Marauder  
  140  13:03  Marauder, Orbital Command  
  140  13:04  SCV x2  
  143  13:14  Marine x2, Marauder  
  143  13:17  Marine x3  
  143  13:18  Marine x2, Marauder  
  150  13:20  Marine, Marauder  
  153  13:27  Supply Depot  
Show
View Real Time Build Order
Export as new Build Order

Longer Zerg - Winner!

Build Orders: Pool Only 

Get SALT Encoding   

  12  0:01  Drone  
  13  0:15  Extractor  
  13  0:17  Drone x2  
  14  0:37  Spawning Pool  
  14  0:41  Drone  
  14  0:47  Overlord  
  14  0:59  Overlord  
  14  1:24  Zergling x4  
  14  1:25  Metabolic Boost  
  16  1:27  Zergling x2  
  17  1:40  Zergling x2  
  18  1:48  Zergling x2  
  18  1:49  Queen  
  15  2:23  Zergling x4  
Tags
 
Add a new tag
Caveats
  • Supply blocks, unpowered buildings, or Contaminate may cause inaccurate times.
  • Supply counts are checked every 10 seconds.